 Dungeon Crawl Stone Soup version 0.27.0-1-g7a089689b8 (webtiles) character file.

Game seed: 5424789328539609992

15 dduke234 the Covered (level 2, -1/19 HPs)
             Began as a Gargoyle Fighter on Aug 12, 2021.
             Was a Follower of Okawaru.
             Slain by Natasha (7 damage)
             ... on level 2 of the Dungeon.
             The game lasted 00:01:43 (1094 turns).

dduke234 the Covered (Gargoyle Fighter)             Turns: 1094, Time: 00:01:44

Health: -1/19      AC:  9    Str: 19    XL:     2   Next: 50%
Magic:  2/2        EV:  7    Int:  8    God:    Okawaru [*.....]
Gold:   74         SH:  9    Dex:  9    Spells: 1/1 levels left

rFire    . . .     SeeInvis .   a - +0 flail
rCold    . . .     Faith    .   c - +0 kite shield
rNeg     + . .     Spirit   .   b - +0 scale mail
rPois    ∞         Reflect  .   (no helmet)
rElec    +         Harm     .   (no cloak)
rCorr    .         Rampage  .   (no gloves)
Will     .....                  (no boots)
Stlth    ..........             (no amulet)
HPRegen  0.06/turn              (no ring)
MPRegen  0.08/turn              (no ring)

@: mighty
A: sickness immunity, AC +2, negative energy resistance 1, electricity
resistance, torment resistance 1, petrification resistance
a: Renounce Religion, Heroism


You were on level 2 of the Dungeon.
You worshipped Okawaru.
Okawaru was aware of your devotion.
You visited 1 branch of the dungeon, and saw 2 of its levels.

You collected 74 gold pieces.

Inventory:

Hand Weapons
 a - a +0 flail (weapon)
 e - a +2 short sword of protection
Armour
 b - a +0 scale mail (worn)
 c - a +0 kite shield (worn)
Scrolls
 g - 2 scrolls of vulnerability


   Skills:
 * Level 3.3 Fighting
 * Level 2.1 Maces & Flails
 * Level 3.6 Armour
 + Level 0.5 Dodging
 * Level 3.4 Shields


You had one spell level left.
You didn't know any spells.
Your spell library contained the following spells:

 Spells                   Type           Power      Damage    Failure   Level
 Beastly Appendage        Tmut           0%         N/A       99%         1


Dungeon Overview and Level Annotations

Branches:
Dungeon (2/15)

Altars:
Okawaru

Annotations:
D:2 Natasha


Innate Abilities, Weirdness & Mutations

You are immune to sickness and miasma.
Your stone body is resilient. (AC +2)
You are immune to poison.
You resist negative energy. (rN+)
You are resistant to electric shocks. (rElec)
You are resistant to unholy torment.
You are immune to petrification.


Message History

You kill the dart slug!
Okawaru accepts your kill.
No target in view!
No target in view!
No target in view!
No target in view!
You see here a dart slug corpse.
Natasha, Servant of Life and Death comes into view.
Natasha hisses angrily.
Natasha casts a spell at you. The magic dart hits you.
Found a robe.
Natasha is nearby!
Natasha is nearby!
Natasha is nearby!
Natasha casts a spell at you. You resist with significant effort.
Natasha claws you.
You closely miss Natasha. You block Natasha's attack. Natasha claws you.
You closely miss Natasha. Natasha barely misses you.
You closely miss Natasha. Natasha claws you.
Natasha stares at you and mumbles some strange words.
You resist with significant effort.
You are too injured to fight recklessly!
You are too injured to fight recklessly!
You are too injured to fight recklessly!
You are too injured to fight recklessly!
You are too injured to fight recklessly!
You are too injured to fight recklessly!
You are too injured to fight recklessly!
You are too injured to fight recklessly!
You are too injured to fight recklessly!
You are too injured to fight recklessly!
You are too injured to fight recklessly!
You feel very mighty all of a sudden. You block Natasha's attack.
You thump Natasha!
Natasha is heavily wounded.
Natasha claws you but does no damage. Natasha claws you!
You die...

#...........#
#.######..#.# #.#
#..#.########## #.#
#..#.#.........
#.######..#.#.########
#.....##..#.#.........
#..##.##..#.##########
#..##.##..#.#.....# #
#..##@# #.#.###.####
...##h# #.....#....#
###.##.# #.#.#.#..#.#
#.##.# #.#.#.#..#.#
#.##[##..#.#.#.#..#.#
#.##..#.#.#.#..#.#
#.##..#.#...#..#..
#.##..#.#####..#.. #
#..#........#.#


You could see Natasha.

Vanquished Creatures
  A dart slug (D:2)
  An endoplasm (D:1)
  A hobgoblin (D:1)
  A quokka (D:2)
  2 ball pythons (D:1)
  5 kobolds
  4 rats
15 creatures vanquished.

Vanquished Creatures (others)
  A plant (D:1)
1 creature vanquished.

Grand Total: 16 creatures vanquished

Notes
Turn   | Place    | Note
-------+----------+-------------------------------------------
     0 | D:1      | dduke234 the Gargoyle Fighter began the quest for the Orb.
     0 | D:1      | Reached XP level 1. HP: 14/14 MP: 1/1
   335 | D:1      | Reached XP level 2. HP: 18/19 MP: 2/2
   419 | D:1      | Found a faded altar of an unknown god.
   590 | D:1      | Got Plato's Disquisition on Transmutation
   591 | D:1      | Became a worshipper of Warmaster Okawaru
   591 | D:1      | Reached * piety under Okawaru
  1086 | D:2      | Noticed Natasha
  1094 | D:2      | Slain by Natasha

Illustrated notes

Levels and vault maps discovered:
D:1:      amcnicky_arrival_gap_in_the_tavern_cellar, layout_rooms,
          shapermc_ecumenical_altar_rom_forum
D:2:      layout_basic, uniq_natasha

Action                   || total
-------------------------++-------
Melee: Flail             ||    58
  Use: Scroll            ||     2
       Potion            ||     2
Armor: Scale mail        ||    34
Dodge: Dodged            ||    25
Block: Kite shield       ||    22
